 Dungeon Sprint DCSS version 0.27-a0-277-g024f7ef292 (webtiles) character file.

Game seed: 8858583344461212340

5553 mhtbhm the Peltast (level 10, -5/97 HPs)
             Began as a Minotaur Fighter on Feb 7, 2021.
             Was a High Priest of Trog.
             Killed from afar by an electric golem (35 damage)
             ... with a bolt of lightning
             ... in the Dungeon (Sprint VII: "The Pits").
             The game lasted 00:02:30 (1543 turns).

mhtbhm the Peltast (Minotaur Fighter)               Turns: 1543, Time: 00:02:31

Health: -5/97      AC: 17    Str: 24    XL:     10   Next: 44%
Magic:  9/9        EV: 13    Int:  8    God:    Trog [*****.]
Gold:   0          SH: 14    Dex: 10    Spells: 9/9 levels left

rFire    . . .     SeeInvis .   a - +1 broad axe (freeze)
rCold    . . .     Faith    .   c - +0 kite shield
rNeg     . . .     Spirit   .   b - +4 chain mail
rPois    .         Reflect  .   (helmet restricted)
rElec    .         Harm     .   (no cloak)
rCorr    .         Rampage  .   (no gloves)
Will     .....     NoTele   +   (no boots)
Stlth    ..........             (no amulet)
HPRegen  0.26/turn              n - +3 ring of intelligence
MPRegen  0.11/turn              o - +3 ring of evasion

@: berserk cooldown, slowed, very slow
A: retaliatory headbutt, horns 2
a: Renounce Religion, Berserk, Trog's Hand, Brothers in Arms


You were in the Dungeon.
You worshipped Trog.
Trog was extremely pleased with you.
You visited 1 branch

Inventory:

Hand Weapons
 a - a +1 broad axe of freezing (weapon)
Armour
 b - a +4 chain mail (worn)
 c - a +0 kite shield (worn)
Jewellery
 n - a +3 ring of intelligence (left hand)
 o - a +3 ring of evasion (right hand)
Scrolls
 j - a scroll of blinking
 l - 3 scrolls of remove curse
 m - a scroll of summoning
Potions
 d - 2 potions of might
 e - 9 potions of curing
 f - 3 potions of heal wounds
 g - a potion of haste
 h - 4 potions of magic
 i - 4 potions of berserk rage
 k - 2 potions of invisibility


   Skills:
 + Level 12.3 Fighting
 + Level 15.5 Axes
 + Level 14.4 Armour
 + Level 4.3 Dodging
 + Level 0.9 Stealth
 + Level 15.7 Shields


You had 9 spell levels left.
You didn't know any spells.
Your spell library was empty.

Dungeon Overview and Level Annotations

Branches:
Dungeon (1/1)

Altars:
Ashenzari
Cheibriados
Dithmenos
Elyvilon
Fedhas
Gozag
Hepliaklqana
Kikubaaqudgha
Makhleb
Nemelex Xobeh
Okawaru
Qazlal
Ru
Sif Muna
Trog
Uskayaw
Vehumet
Wu Jian
Xom
Yredelemnul
Zin
The Shining One
Beogh
Jiyva
Lugonu


Innate Abilities, Weirdness & Mutations

You reflexively headbutt those who attack you in melee.
You have a pair of horns on your head.


Message History

Your ogre goes berserk!
You block the electric golem's attack. x2; The electric golem hits you. x2
The electric golem hits you but does no damage.
The electric golem hits you. The electric golem shocks you!!
* * * LOW HITPOINT WARNING * * *
The electric golem hits you but does no damage. x2
Unknown command.
You feel much better.
The electric golem hurls lightning at you.
The bolt of lightning misses you. You block the electric golem's attack.
The electric golem hits you. The electric golem shocks you!!
* * * LOW HITPOINT WARNING * * *
The electric golem hits you but does no damage.
The electric golem hits you.
* * * LOW HITPOINT WARNING * * *
Your ogre completely misses the electric golem.
You feel much better.
The electric golem hurls lightning at you.
The bolt of lightning hits you!!
You die...

#+# #.# #'#
###################'#
................O...#
.......)........@8..#
##++##############..#
#††# #..# #..# #..#
#..# #..# #..#


You could see an electric golem and a friendly ogre (summoned, berserk).

Vanquished Creatures
  An alligator (D)
  A sun demon (D)
  A deep troll (D)
  A flayed ghost (D)
  A deep elf pyromancer (D)
  A phantasmal warrior (D)
  An ugly thing (D)
  An efreet (D)
  A hellwing (D)
  A jumping spider (D)
  2 redbacks (D)
  A warg (D)
  2 floating eyes (D)
  A swamp drake (D)
  A sky beast (D)
  A black bear (D)
  A centaur (D)
  2 bullfrogs (D)
  5 killer bees (D)
  A quasit (D)
  An orc wizard (D)
  A gnoll (D)
  2 adders (D)
  An ooze (D)
  An adder skeleton (D)
  A leopard gecko (D)
  An orc (D)
  A ball python (D)
  2 bat skeletons (D)
  A frilled lizard (D)
  2 giant cockroach zombies (D)
41 creatures vanquished.

Notes
Turn   | Place    | Note
-------+----------+-------------------------------------------
     0 | D        | mhtbhm the Minotaur Fighter began the quest for the Orb.
     0 | D        | Reached XP level 1. HP: 19/19 MP: 0/0
    20 | D        | Found a bloodstained altar of Trog.
    20 | D        | Found a shimmering blue altar of Sif Muna.
    20 | D        | Found a viscous altar of Jiyva.
    20 | D        | Found a hazy altar of Hepliaklqana.
    20 | D        | Found an opulent altar of Gozag.
    21 | D        | Found a glowing golden altar of the Shining One.
    21 | D        | Found a glowing silver altar of Zin.
    21 | D        | Found a basalt altar of Yredelemnul.
    21 | D        | Found a shimmering altar of Xom.
    21 | D        | Found an ornate altar of the Wu Jian Council.
    21 | D        | Found a sacrificial altar of Ru.
    21 | D        | Found a stormy altar of Qazlal.
    21 | D        | Found an iron altar of Okawaru.
    21 | D        | Found a sparkling altar of Nemelex Xobeh.
    21 | D        | Found a burning altar of Makhleb.
    21 | D        | Found a blossoming altar of Fedhas.
    21 | D        | Found a white marble altar of Elyvilon.
    21 | D        | Found a shadowy altar of Dithmenos.
    21 | D        | Found a snail-covered altar of Cheibriados.
    24 | D        | Found a corrupted altar of Lugonu.
    24 | D        | Found a radiant altar of Vehumet.
    24 | D        | Found a roughly hewn altar of Beogh.
    25 | D        | Became a worshipper of Trog the Wrathful
    66 | D        | Noticed a floating eye
    67 | D        | Paralysed by a floating eye for 4 turns
    72 | D        | Reached XP level 2. HP: 27/28 MP: 1/1
    73 | D        | Paralysed by a floating eye for 3 turns
    77 | D        | Killed a floating eye
    77 | D        | Reached * piety under Trog
    78 | D        | Reached XP level 3. HP: 37/38 MP: 2/2
    78 | D        | Reached XP level 4. HP: 44/45 MP: 3/3
    80 | D        | Noticed a floating eye
    83 | D        | Reached skill level 5 in Axes
    84 | D        | Paralysed by a floating eye for 4 turns
    89 | D        | Killed a floating eye
    90 | D        | Reached XP level 5. HP: 56/56 MP: 4/4
    98 | D        | Reached ** piety under Trog
   166 | D        | Reached *** piety under Trog
   178 | D        | Reached XP level 6. HP: 59/62 MP: 5/5
   179 | D        | Noticed a warg
   188 | D        | Reached **** piety under Trog
   189 | D        | Reached skill level 1 in Dodging
   193 | D        | Killed a warg
   194 | D        | Reached skill level 10 in Shields
   278 | D        | Reached skill level 10 in Armour
   278 | D        | Reached XP level 7. HP: 70/70 MP: 6/6
   280 | D        | Noticed a red ugly thing
   295 | D        | Killed a red ugly thing
   296 | D        | Reached skill level 10 in Fighting
   296 | D        | Reached skill level 10 in Axes
   445 | D        | Reached ***** piety under Trog
   446 | D        | Reached XP level 8. HP: 79/79 MP: 7/7
   457 | D        | Noticed a hellwing
   505 | D        | Killed a hellwing
   743 | D        | Found a hide-covered altar of Uskayaw.
   743 | D        | Found an ancient bone altar of Kikubaaqudgha.
   743 | D        | Found a broken altar of Ashenzari.
   770 | D        | Noticed a jumping spider
   771 | D        | Noticed a deep troll
   778 | D        | Killed a deep troll
   778 | D        | Received a gift from Trog
   779 | D        | Reached XP level 9. HP: 86/86 MP: 8/8
   787 | D        | Killed a jumping spider
   845 | D        | Noticed an efreet
   850 | D        | Killed an efreet
   851 | D        | Noticed a flayed ghost
   858 | D        | Received a gift from Trog
   862 | D        | Killed a flayed ghost
   933 | D        | Noticed a deep elf pyromancer
   955 | D        | Killed a deep elf pyromancer
   955 | D        | Reached ****** piety under Trog
  1112 | D        | Noticed a phantasmal warrior
  1118 | D        | Received a gift from Trog
  1128 | D        | Killed a phantasmal warrior
  1129 | D        | Reached skill level 15 in Shields
  1129 | D        | Reached XP level 10. HP: 38/97 MP: 9/9
  1364 | D        | Noticed a sun demon
  1364 | D        | Noticed an alligator
  1370 | D        | Killed a sun demon
  1371 | D        | Reached skill level 15 in Axes
  1375 | D        | Killed an alligator
  1520 | D        | Noticed an electric golem
  1543 | D        | Killed from afar by an electric golem

Illustrated notes

Levels and vault maps discovered:
D:        pitsprint [storerooms_1, entrance_room_1, metal_vault_8, armoury_1,
          mini_pit_1, grid_room_1, main_hall_1, silver_pit, the_coven_3,
          the_vestibule_1, steel_vault_5, golden_pit, hallway_of_sentries,
          crystal_vault_4, iron_vault_5, final_vault]

Skill      XL: |  1  2  3  4  5  6  7  8  9 10 |
---------------+-------------------------------+-----
Fighting       | 4 6 8 9 10 11 12 | 12.3
Armour         | 4 6 8 10 11 13 14 | 14.4
Shields        | 4 6 7 8 10 11 13 15 | 15.7
Axes           | 4 6 8 10 12 14 15 | 15.5
Dodging        | 2 3 4 |  4.3
Stealth        | |  0.9

Action                   |  1- 3 |  4- 6 |  7- 9 | 10-12 || total
-------------------------+-------+-------+-------+-------++-------
Melee: Hand axe          |     8 |    45 |    76 |       ||   129
       War axe           |     4 |       |       |       ||     4
       Headbutt          |     1 |    10 |    17 |     2 ||    30
       Broad axe         |       |       |    49 |    20 ||    69
Invok: Berserk           |       |       |     2 |     2 ||     4
       Brothers in Arms  |       |       |       |     2 ||     2
  Use: Potion            |       |       |       |     5 ||     5
Armor: Scale mail        |     9 |     4 |       |       ||    13
       Chain mail        |       |    30 |    49 |    24 ||   103
Dodge: Dodged            |     5 |    19 |    49 |    15 ||    88
Block: Kite shield       |     4 |    47 |    92 |    26 ||   169

Table legend: (Time is in decaauts)
 A = Elapsed time spent in this place.
 B = Non-inter-level travel time spent in this place.
 C = Inter-level travel time spent in this place.
 D = Time resting spent in this place.
 E = Time spent auto-exploring this place.
 F = Levels seen in this place.
 G = Mean time per level.
                   A        B        C        D        E       F      G
               +--------+--------+--------+--------+--------+-----+--------+
         Total |   1560 |   1560 |      0 |    840 |    213 |   1 | 1560.0 |
       Dungeon |   1560 |   1560 |      0 |    840 |    213 |   1 | 1560.0 |
               +--------+--------+--------+--------+--------+-----+--------+

Top non-repeatable levels by time:
       D: 1560 daAuts
